 Dungeon Crawl Stone Soup version 0.25.1-2-g60ff931df9 (webtiles) character file.

Game seed: 15633505890075220970

293 wagawaga the Shield-Bearer (level 6, -1/53 HPs)
             Began as a Minotaur Fighter on Nov 25, 2020.
             Slain by an ogre
             ... wielding a +0 giant club
              (8 damage)
             ... on level 4 of the Dungeon.
             The game lasted 00:11:40 (2690 turns).

wagawaga the Shield-Bearer (Minotaur Fighter)       Turns: 2690, Time: 00:11:40

Health: -1/53      AC: 10    Str: 28    XL:     6   Next: 11%
Magic:  0/5        EV:  8    Int:  5    God:
Gold:   187        SH: 10    Dex: 10    Spells: 5/5 levels left

rFire    . . .     SeeInvis .   a - +0 rapier
rCold    . . .     Gourm    .   c - +0 kite shield
rNeg     + . .     Faith    .   b - +1 scale mail
rPois    .         Spirit   +   (helmet restricted)
rElec    .         Reflect  .   (no cloak)
rCorr    .         Harm     .   u - +0 pair of gloves
MR       .....                  h - +0 pair of boots
Stlth    ..........             l - amulet of guardian spirit
HPRegen  0.17/turn              r - ring of positive energy
MPRegen  0.09/turn              e - +6 ring of strength

@: no status effects
A: retaliatory headbutt, horns 2
a: no special abilities


You were on level 4 of the Dungeon.
You were not hungry.

You visited 1 branch of the dungeon, and saw 4 of its levels.

You collected 187 gold pieces.

Inventory:

Hand Weapons
 a - a +0 rapier (weapon)
Armour
 b - a +1 scale mail (worn)
 c - a +0 kite shield (worn)
 h - a +0 pair of boots (worn)
 u - a +0 pair of gloves (worn)
Jewellery
 e - a +6 ring of strength (right hand)
 k - an uncursed ring of ice
 l - an amulet of guardian spirit (around neck)
 o - a cursed ring of attention {unknown}
 r - a ring of positive energy (left hand)
 w - an uncursed ring of teleportation
Scrolls
 d - a scroll of fear
 g - a scroll of enchant armour
 i - a scroll of immolation
 m - 2 scrolls of magic mapping
Potions
 n - 2 potions of degeneration {unknown}
 p - a potion of flight {unknown}
 s - a potion of lignification {unknown}
 t - 2 potions of stabbing {unknown}
 v - a potion of resistance
 x - a potion of magic {unknown}
Comestibles
 f - 3 rations
 j - 2 chunks of flesh


   Skills:
 + Level 4.7 Fighting
 + Level 4.5 Short Blades
 + Level 4.7 Armour
 + Level 1.4 Dodging
 + Level 5.1 Shields


You had 5 spell levels left.
You didn't know any spells.
Your spell library was empty.

Dungeon Overview and Level Annotations

Branches:
Dungeon (4/15)
 Temple: D:4-7

Altars:


Innate Abilities, Weirdness & Mutations

You reflexively headbutt those who attack you in melee.
You have a pair of horns on your head.


Message History

Okay, then.
You see here a scroll of fear.
d - a scroll of fear You block the orc's attack.
The gnoll hits you from afar with a +0 spear.
* * * LOW HITPOINT WARNING * * *
You block the ogre's attack.
Found a mace and 10 gold pieces.
Found a ration. 3 orcs, an orc priest and an orc wizard come into view.
An orc is wielding a +2 falchion of venom.
The orc shouts! x2; The orc priest shouts!
The orc shouts!
The orc wizard shouts!
Found a puce potion.
You block the orc's attack. The orc hits you but does no damage.
The orc closely misses you.
You puncture the orc priest!
The orc priest is severely wounded.
The ogre hits you with a +0 giant club!
You die...

.#..#####ogoo###........#
....# ##.#o..o........#
...## #######........#
...# #.o......#
#.o......#
########.#######
.......g....#
......ooO...#
......o@o...#
......o.....#
.....######## ..... .!..
###


You could see an ogre, an orc priest, an orc wizard, a gnoll and 5 orcs.

Vanquished Creatures
  A hound (D:4)
  An orc priest (D:3)
  2 orc wizards (D:3)
  Robin (D:2)
  A gnoll (D:2)
  7 adders
  An ooze (D:2)
  2 worms (D:2)
  A dart slug (D:4)
  2 leopard geckos (D:3)
  7 orcs (D:3)
  3 ball pythons
  9 bats
  3 giant cockroaches
  8 hobgoblins
  4 jackals
  8 kobolds
  2 frilled lizards (D:1)
  12 goblins
  5 rats
80 creatures vanquished.

Notes
Turn   | Place    | Note
-------+----------+-------------------------------------------
     0 | D:1      | wagawaga the Minotaur Fighter began the quest for the Orb.
     0 | D:1      | Reached XP level 1. HP: 19/19 MP: 0/0
   246 | D:1      | Reached XP level 2. HP: 27/27 MP: 1/1
   703 | D:2      | Reached skill level 4 in Shields
   736 | D:2      | Reached XP level 3. HP: 31/33 MP: 2/2
   979 | D:2      | Noticed Robin
  1005 | D:2      | Killed Robin
  1011 | D:2      | Reached XP level 4. HP: 39/41 MP: 3/3
  1506 | D:3      | Reached skill level 1 in Dodging
  1506 | D:3      | Reached XP level 5. HP: 47/47 MP: 4/4
  1531 | D:3      | HP: 1/47 [orc priest/divine providence (10)]
  1899 | D:3      | Reached skill level 5 in Shields
  2631 | D:4      | Reached XP level 6. HP: 53/53 MP: 5/5
  2690 | D:4      | Slain by an ogre

Illustrated notes

Levels and vault maps discovered:
D:1:      dpeg_arrival_lava_altar, layout_basic, minmay_misc_feat_more_columns,
          minmay_tetromino_o4
D:2:      layout_loops_corners, serial_bayou, serial_bayou_crossing,
          serial_bayou_lagoon_a, serial_bayou_pond_a, serial_bayou_pond_d,
          cheibrodos_gnoll_hut, uniq_robin
D:3:      layout_loops_ring
D:4:      layout_rooms, overflow_temple_1_default, serial_shops, shop,
          first_ration

Skill      XL: |  1  2  3  4  5 |
---------------+----------------+-----
Fighting       | 4 |  4.7
Armour         | 4 |  4.7
Shields        | 4 5 |  5.1
Short Blades   | 3 4 |  4.5
Dodging        | 1 |  1.4

Action                   |  1- 3 |  4- 6 || total
-------------------------+-------+-------++-------
Melee: Rapier            |   106 |   112 ||   218
       Headbutt          |    16 |    24 ||    40
  Use: Scroll            |       |     9 ||     9
       Potion            |       |     3 ||     3
  Eat: Chunk             |       |     3 ||     3
       Ration            |       |     1 ||     1
Armor: Scale mail        |    39 |    69 ||   108
Dodge: Dodged            |    25 |    49 ||    74
Block: Kite shield       |    62 |    90 ||   152
